 Dungeon Crawl Stone Soup version 0.32-a0-132-g2d33c3cfaf (webtiles) character file.

Game seed: 13432518616440700966

20376 Dirtsage the Mimic (level 12, -1/84 HPs)
             Began as an Octopode Shapeshifter on Feb 9, 2024.
             Was an Initiate of Gozag.
             Slain by a salamander
             ... wielding a +2 spear of flaming
              (10 damage)
             ... in a volcano.
             The game lasted 00:35:58 (12052 turns).

Dirtsage the Mimic (Octopode Shapeshifter)         Turns: 12052, Time: 00:35:58

Health: -1/84      AC:  9    Str: 17    XL:     12   Next: 78%
Magic:  12/12      EV: 25    Int: 16    God:    Gozag
Gold:   3780       SH:  5    Dex: 22    Spells: 8/11 levels left

rFire   . . .        u - +11 short sword of Uncertain Death {venom, ^Drain rC+++ Int+4}
rCold   + + +        (no shield)
rNeg    . . .        (helmet currently unavailable)
rPois   .            J - amulet "Dibadohy" {Reflect Will+ Slay+3 SH+5 SInv}
rElec   .            f - +4 ring of protection
rCorr   +            n - +4 ring of protection
SInv    +            C - ring of resist corrosion
Will    ++...        D - +5 ring of evasion
Stlth   ++++++       G - ring of willpower
HPRegen 0.34/turn    H - ring "Roleaczu" {Str+3 SInv}
MPRegen 0.13/turn    K - +6 ring of dexterity
                     (no ring)

%: reflection
@: beast-form, gold aura, studying 2 skills
A: beast (slay +4), almost no armour, amphibious, 8 rings, camouflage 1,
gelatinous body 1, (nimble swimmer 1), tentacles
a: Begin Untransformation, Renounce Religion, Potion Petition, Call Merchant,
Bribe Branch


You were in a volcano.
You worshipped Gozag.
Gozag was most pleased with you.
You were a hulking beast.
You visited 3 branches of the dungeon, and saw 14 of its levels.
You also visited: Bailey and Volcano.

You collected 3853 gold pieces.
You paid 73 gold pieces to Gozag.

Inventory:

Hand Weapons
 u - the +11 short sword of Uncertain Death (weapon) {venom, ^Drain rC+++ Int+4}
   (You found it on level 4 of the Dungeon)

   Int+4:     It affects your intelligence (+4).
   rC+++:     It renders you almost immune to cold.
   ^Drain:    It drains your maximum health when unequipped.
Magical Staves
 l - a staff of earth
Jewellery
 f - a +4 ring of protection (left tentacle)
 n - a +4 ring of protection (right tentacle)
 C - a ring of resist corrosion (on tentacle)
 D - a +5 ring of evasion (on tentacle)
 G - a ring of willpower (on tentacle)
 H - the ring "Roleaczu" (on tentacle) {Str+3 SInv}
   (You acquired it in a bailey)

   [ring of see invisible]

   Str+3:     It affects your strength (+3).
   SInv:      It lets you see invisible.
 J - the amulet "Dibadohy" (around mantle) {Reflect Will+ Slay+3 SH+5 SInv}
   (You acquired it on level 9 of the Dungeon)

   [amulet of reflection]

   Reflect:   It reflects blocked missile attacks.
   Slay+3:    It affects your accuracy & damage with ranged weapons and melee
   (+3).
   Will+:     It increases your willpower.
   SInv:      It lets you see invisible.
   SH+5:      It affects your SH (+5).
 K - a +6 ring of dexterity (on tentacle)
 S - a ring of ice
Talismans
 b - a beast talisman (active)
 c - a flux talisman
 r - a flux talisman
 y - a beast talisman (active)
Wands
 w - a wand of roots (7)
 B - a wand of light (2)
 F - a wand of flame (16)
 I - a wand of polymorph (1)
 Q - a wand of mindburst (19)
Scrolls
 e - a scroll of fog {unknown}
 g - a scroll of enchant weapon {unknown}
 h - 2 scrolls of blinking {unknown}
 i - a scroll of identify
 j - 2 scrolls of fear {unknown}
 p - a scroll of poison {unknown}
 q - 2 scrolls of noise {unknown}
 t - 3 scrolls of teleportation
 x - 2 scrolls of summoning {unknown}
 z - a scroll of enchant armour {unknown}
 E - 2 scrolls of silence {unknown}
 M - a scroll of revelation {unknown}
 N - a scroll of immolation {unknown}
 O - a scroll of torment {unknown}
 R - 2 scrolls of vulnerability {unknown}
Potions
 a - a potion of lignification
 d - a potion of might
 k - 4 potions of heal wounds {unknown}
 m - a potion of attraction
 o - 7 potions of curing {unknown}
 s - 2 potions of magic {unknown}
 v - a potion of mutation
 A - 2 potions of enlightenment {unknown}
 L - a potion of invisibility
 P - a potion of brilliance


   Skills:
 + Level 8.7 Fighting
 + Level 9.0 Dodging
 - Level 10.0 Stealth
 + Level 9.0 Unarmed Combat
 + Level 4.5 Ice Magic
 * Level 13.2 Shapeshifting


You had 8 spell levels left.
You knew the following spells:

 Your Spells              Type           Power      Damage    Failure   Level
A - Ozocubu's Armour      Ice            14%        N/A       12%         3

Your spell library contained the following spells:

 Spells                   Type           Power      Damage    Failure   Level
 Cigotuvi's Dreadful Rot  Necr/Alch/Air  0%         N/A       36%         2
 Mercury Vapours          Alch/Air       0%         N/A       36%         2
 Scorch                   Fire           0%         2d5       36%         2
 Static Discharge         Conj/Air       0%         3-3/arc   36%         2
 Fugue of the Fallen      Necr           0%         N/A       58%         3
 Inner Flame              Hex/Fire       0%         N/A       58%         3
 Mephitic Cloud           Conj/Alch/Air  0%         N/A       58%         3
 Vampiric Draining        Necr           0%         2d6       58%         3
 Airstrike                Air            0%         2d(0-16)  94%         4
 Anguish                  Hex/Necr       0%         N/A       94%         4
 Cause Fear               Hex            0%         N/A       94%         4
 Ignite Poison            Fire/Alch      0%         N/A       94%         4
 Olgreb's Toxic Radiance  Alch           0%         N/A       94%         4
 Petrify                  Alch/Erth      0%         N/A       94%         4
 Summon Lightning Spire   Summ/Air       0%         N/A       94%         4
 Freezing Cloud           Conj/Ice/Air   2%         6-21      98%         5
 Plasma Beam              Fire/Air       0%         2x1d10    100%        6
 Enfeeble                 Hex            0%         N/A       100%        7
 Ozocubu's Refrigeration  Ice            7%         4d9       100%        7


Dungeon Overview and Level Annotations

Branches:
Dungeon (10/15)            Temple (1/1) D:5            Lair (3/5) D:10
 Spider (0/4) Lair:2          Orc (0/2) D:10         Bailey (visited)
Volcano (1/1)
  Swamp: Lair:2-3    Shoals: Lair:2-3

Altars:
Ashenzari
Cheibriados
Dithmenos
Elyvilon
Fedhas
Gozag
Hepliaklqana
Kikubaaqudgha
Makhleb
Nemelex Xobeh
Okawaru
Qazlal
Ru
Sif Muna
Trog
Uskayaw
Vehumet
Wu Jian
Xom
Yredelemnul
Zin
The Shining One

Shops:
D:3 :*   D:4 [

Annotations:
D:7 exclusion: 3 mutant beasts


Innate Abilities, Weirdness & Mutations

You are a hulking beast.
Your limbs bulge with bestial killing power. (Slay +4)
You cannot wear most types of armour.
You are amphibious.
You can wear up to eight rings at the same time.
Your skin changes colour to match your surroundings (Stealth+).
Your rubbery body absorbs attacks. (AC +1, EV +1)
((You are camouflaged when in or above water. (Stealth+)))
You have tentacles for arms and can constrict up to eight enemies at once.


Message History

The salamander mystic completely misses you.
There is a broken door here.
You barely miss the salamander mystic. You grab the salamander mystic.
You constrict the salamander mystic.
You block the salamander mystic's attack.
You puncture the salamander mystic!
The salamander mystic is poisoned.
The salamander mystic is lightly wounded.
You constrict the salamander mystic. The salamander misses you.
The salamander mystic hits you with a +0 dagger.
You are engulfed in flames!
The salamander hits you from afar with a +2 spear of flaming!
You are engulfed in flames!
The salamander burns you.
You take 41 damage, and have 43/84 hp.
MASSIVE DAMAGE!!
You puncture the salamander mystic!
The salamander mystic looks as sick as possible!
You squeeze the salamander mystic.
The salamander mystic is heavily wounded.
You constrict the salamander mystic. You block the salamander's attack.
The salamander mystic points at you and mumbles some strange words.
The bolt of magma misses you.
You hit the salamander mystic.
The salamander mystic looks as sick as possible!
You squeeze the salamander mystic!
The salamander mystic is severely wounded.
You constrict the salamander mystic. The salamander completely misses you.
The salamander mystic closely misses you.
The salamander closely misses you.
You impale the salamander mystic!!
You kill the salamander mystic!
The salamander barely misses you.
The salamander hits you with a +2 spear of flaming!
You are engulfed in flames!
* * * LOW HITPOINT WARNING * * *
The salamander burns you.
* * * LOW HITPOINT WARNING * * *
The salamander hits you with a +2 spear of flaming!
* * * LOW HITPOINT WARNING * * *
You are engulfed in flames!
You die...
Your body crumbles into a pile of gold.

.ß_ß. #.§§≈≈≈≈§ ... #.≈≈≈≈§≈§ #'#
###§≈§≈≈§≈≈ #.# .#.≈≈≈≈≈≈§ #.#
#.≈≈≈≈≈§. #.# #.≈≈≈§.§§ #.#
#.≈§§§§§§ #N# #..≈§.≈§≈ #h#
#.≈§.≈§§≈
#######'########..§≈≈≈§≈ ≈
.................≈§§≈§§≈
§≈≈≈≈≈§§≈≈§§≈≈§§§≈§.≈.≈≈.≈≈≈≈≈§§≈
≈§≈§≈≈§≈§≈≈≈§§§≈§§§§≈§≈≈≈≈≈§§§≈§§
§§≈≈≈§§≈§≈§≈≈§§≈≈≈≈§§≈≈≈≈§≈≈§≈§§§
§§§≈§§§≈≈≈≈≈≈§≈§§≈§≈≈≈≈≈§§§≈§§≈≈§
§§≈≈≈§§≈≈≈§≈≈§≈§§≈§§§≈≈§§≈§§§≈≈..
§§≈≈§≈≈≈§.....≈≈≈≈§§§§§≈§≈≈≈≈≈...


You could see a salamander (fast).

Vanquished Creatures
  Fannar (Lair:3)
  A hydra (D:10)
  Erica (D:10)
  2 two-headed ogres (D:8)
  A salamander mystic (Volcano)
  A skyshark (Lair:2)
  An orb spider (Lair:2)
  An arcanist (D:8)
  2 orc knights (Bailey)
  2 ugly things (D:8)
  2 salamanders (Volcano)
  6 cane toads
  Maggie (D:10)
  3 komodo dragons (Lair:1)
  A polar bear (Lair:1)
  A troll (D:6)
  2 hornets
  A shadow (D:10)
  2 wraiths (D:10)
  3 wyverns
  17 yaks
  A basilisk (Lair:3)
  A steam dragon (D:9)
  4 water moccasins
  A two-headed ogre zombie (D:10)
  14 orc warriors
  A black bear (D:5)
  2 ice beasts
  A centaur (D:9)
  A phantom (D:6)
  5 wolves (Lair:1)
  4 kobold brigands
  3 bullfrogs
  A gnoll sergeant (D:10)
  2 scorpions (D:6)
  A burial acolyte (D:9)
  5 wights (D:10)
  3 troll zombies (D:10)
  20 killer bees
  2 bombardier beetles
  3 lava snakes (Volcano)
  2 jellies
  2 hounds
  7 orc priests
  A sleepcap (D:6)
  11 orc wizards
  3 ogre zombies (D:10)
  7 adders
  8 gnolls
  A shadow imp (D:5)
  3 white imps
  2 ufetubi (D:5)
  2 adder zombies (D:9)
  3 dart slugs
  2 ribbon worms
  44 orcs
  6 ball pythons
  6 bats
  5 endoplasms
  3 giant cockroaches
  13 goblins
  4 hobgoblins
  3 jackals (D:2)
  3 quokkas
  11 frilled lizards
  2 gnoll skeletons (D:10)
  4 gnoll zombies (D:10)
  A jackal zombie (D:9)
  19 kobolds
  6 orc skeletons (D:10)
  11 orc zombies (D:10)
  6 rats
328 creatures vanquished.

Notes
Turn   | Place    | Note
-------+----------+-------------------------------------------
     0 | D:1      | Dirtsage the Octopode Shapeshifter began the quest for the
                  | Orb.
     0 | D:1      | Reached XP level 1. HP: 13/13 MP: 1/1
    57 | D:1      | Found a faded altar of an unknown god.
    82 | D:1      | Reached XP level 2. HP: 18/18 MP: 2/2
   404 | D:1      | Reached XP level 3. HP: 21/23 MP: 3/3
  1477 | D:3      | Reached XP level 4. HP: 29/29 MP: 4/4
  1549 | D:3      | Found a shimmering altar of Xom.
  1605 | D:3      | Found Gozag's Platinum Reserve.
  1606 | D:3      | Found an opulent altar of Gozag.
  1616 | D:3      | Became a worshipper of Gozag Ym Sagoz the Greedy
  1756 | D:3      | Found an ornate altar of the Wu Jian Council.
  2114 | D:3      | Found a radiant altar of Vehumet.
  2127 | D:3      | Reached skill level 4 in Shapeshifting
  2137 | D:3      | Reached XP level 5. HP: 31/34 MP: 5/5
  2337 | D:3      | Found Ykusatuat's Book Boutique.
  2656 | D:4      | Found Ningeogo's Antique Armour Shop.
  2766 | D:4      | Found a snail-covered altar of Cheibriados.
  2797 | D:4      | Found a hide-covered altar of Uskayaw.
  2858 | D:4      | Reached XP level 6. HP: 39/41 MP: 6/6
  3123 | D:4      | Found a burning altar of Makhleb.
  3164 | D:4      | Identified the +11 short sword of Uncertain Death {venom,
                  | ^Drain rC+++ Int+4}
  3235 | D:4      | Got the Precepts of Ghastly Calefaction
  3585 | D:5      | Entered Level 5 of the Dungeon
  3713 | D:5      | Noticed a black bear
  3714 | D:5      | Found a broken altar of Ashenzari.
  3720 | D:5      | Killed a black bear
  3721 | D:5      | Reached skill level 1 in Stealth
  3925 | D:5      | Found a glowing golden altar of the Shining One.
  4094 | D:5      | Reached skill level 5 in Shapeshifting
  4149 | D:5      | Reached XP level 7. HP: 45/46 MP: 7/7
  4223 | D:5      | Found a staircase to the Ecumenical Temple.
  4236 | Temple   | Entered the Ecumenical Temple
  4373 | D:5      | Identified the +8 dagger of Ebuicvye {distort, rC++}
  4845 | D:6      | Found a sparkling altar of Nemelex Xobeh.
  4928 | D:6      | Noticed a troll
  4933 | D:6      | Killed a troll
  4934 | D:6      | Reached XP level 8. HP: 28/54 MP: 8/8
  5163 | D:6      | Found a stormy altar of Qazlal.
  5168 | D:6      | Reached skill level 6 in Shapeshifting
  5418 | D:6      | Reached skill level 5 in Unarmed Combat
  5672 | D:7      | Noticed a juvenile oxbat beast
  5907 | D:7      | Found a bloodstained altar of Trog.
  6300 | D:8      | Reached skill level 5 in Dodging
  6300 | D:8      | Reached skill level 5 in Stealth
  6303 | D:8      | Reached XP level 9. HP: 49/59 MP: 9/9
  6345 | D:8      | Noticed a two-headed ogre
  6348 | D:8      | Noticed a purple ugly thing
  6349 | D:8      | Noticed a two-headed ogre
  6349 | D:8      | Noticed an arcanist
  6414 | D:8      | Reached skill level 7 in Shapeshifting
  6508 | D:8      | Noticed a green ugly thing
  6570 | D:8      | Found a flagged portal.
  6575 | D:8      | Killed an arcanist
  6576 | D:8      | Reached skill level 5 in Fighting
  6581 | D:8      | Killed a green ugly thing
  6622 | Bailey   | Entered a bailey
  6644 | Bailey   | Reached skill level 8 in Shapeshifting
  6732 | Bailey   | Reached XP level 10. HP: 44/68 MP: 10/10
  7029 | Bailey   | Acquired the ring "Roleaczu" {Str+3 SInv}
  7035 | Bailey   | Noticed an orc knight
  7035 | Bailey   | Noticed an orc knight
  7087 | Bailey   | Killed an orc knight
  7114 | Bailey   | Killed an orc knight
  7123 | Bailey   | Identified the +4 triple crossbow "Hell-Harrower" {penet,
                  | rF++ rC- Str-5 Dex+5}
  7184 | D:8      | Killed a two-headed ogre
  7185 | D:8      | Reached skill level 9 in Shapeshifting
  7230 | D:8      | Killed a two-headed ogre
  7398 | D:8      | Killed a purple ugly thing
  7614 | D:8      | Reached XP level 11. HP: 64/74 MP: 11/11
  7985 | D:9      | Acquired the amulet "Dibadohy" {Reflect Will+ Slay+3 SH+5
                  | SInv}
  7992 | D:9      | Acquired a manual of Shapeshifting
  7994 | D:9      | Acquired 918 gold pieces
  8004 | D:9      | Found a shimmering blue altar of Sif Muna.
  8220 | D:9      | Reached skill level 10 in Shapeshifting
  8245 | D:9      | Got the Folio of Reformation and the Glacier
  8552 | D:9      | Found an ancient bone altar of Kikubaaqudgha.
  8765 | D:10     | Entered Level 10 of the Dungeon
  8871 | D:10     | Found a staircase to the Lair.
  8875 | D:10     | Noticed Maggie
  8882 | D:10     | Killed Maggie
  8883 | D:10     | Reached skill level 1 in Ice Magic
  8908 | D:10     | Found a staircase to the Orcish Mines.
  8937 | D:10     | Noticed Erica
  8964 | D:10     | Killed Erica
  9031 | D:10     | Noticed a seven-headed hydra
  9191 | D:10     | Killed a seven-headed hydra
  9192 | D:10     | Reached skill level 11 in Shapeshifting
  9476 | D:10     | Found a blossoming altar of Fedhas.
  9917 | Lair:1   | Entered Level 1 of the Lair of Beasts
  9925 | Lair:1   | Reached skill level 10 in Stealth
  9996 | Lair:1   | Learned a level 3 spell: Ozocubu's Armour
 10044 | Lair:1   | Reached XP level 12. HP: 82/82 MP: 5/12
 10311 | Lair:1   | Identified the orb of the Trout {*channel, -Tele SInv
                  | Stlth+ Earth}
 10456 | Lair:1   | Reached skill level 12 in Shapeshifting
 10725 | Lair:2   | Noticed a skyshark
 10734 | Lair:2   | Killed a skyshark
 10823 | Lair:2   | Found a hole to the Spider Nest.
 11473 | Lair:3   | Noticed Fannar
 11500 | Lair:3   | Killed Fannar
 11507 | Lair:3   | Reached skill level 13 in Shapeshifting
 11537 | Lair:3   | Found a dark tunnel.
 11542 | Volcano  | Entered a volcano
 11899 | Volcano  | Found a radiant altar of Vehumet.
 12052 | Volcano  | Slain by a salamander

Illustrated notes

Levels and vault maps discovered:
D:1:      dpeg_arrival_shelter, layout_basic,
          hellmonk_ecumenical_altar_crossroads
D:2:      layout_basic
D:3:      kennysheep_six_static_rooms, layout_loops_ring,
          nicolae_gozag_zags_fifth_avenue, mainiacjoe_overflow_alcove_2,
          nicolae_wu_jian_glorious_leap, lemuel_tele_altar, serial_shops,
          nicolae_book_shop_shelving, minmay_lizard_king
D:4:      layout_cave_pods, bloody_makhleb, mainiacjoe_overflow_cross_hatched,
          kennysheep_slug_shrine, serial_shops, shop_fountains,
          skrybe_limestone_x
D:5:      layout_loops_corners, tso_oasis_becter, cheibrodos_ashenzari_chains,
          minmay_temple_entry_trees
D:6:      layout_basic, nemelex_spade_bored_becter,
          nicolae_qazlal_scattered_showers
D:7:      layout_loops_ring, mainiacjoe_overflow_boulevard, nicolae_beast_mode
D:8:      minmay_curly_fans, layout_cave_pools, enter_bailey_2,
          minmay_crystal_room
D:9:      layout_grid_maze, mainiacjoe_overflow_six_doors_small,
          lemuel_zombie_altar_kikubaaqudgha
D:10:     layout_small_grid, overflow_temple_1_default, lair_entry_dummy,
          zombieorc2_lemuel, uniq_erica, uniq_maggie
Temple:   nicolae_temple_ecumenical_triangle
Lair:1:   layout_long_grid
Lair:2:   layout_misc_corridors, nicolae_spider_entry_orb_guardian,
          lemuel_fruit_fields
Lair:3:   beast_lair_carwin_large_2, layout_misc_corridors,
          mainiacjoe_swamp_entry_lozenge_pond, nicolae_volcano_entry_s_turn,
          uniq_fannar
Volcano:  volcano_lake [vl_original]

Skill      XL: |  1  2  3  4  5  6  7  8  9 10 11 12 |
---------------+-------------------------------------+-----
Fighting       | 2 3 4 5 6 7 8 |  8.7
Shapeshifting  | 4 5 6 8 9 11 13 | 13.2
Dodging        | 3 4 5 6 7 8 9 |  9.0
Unarmed Combat | 4 5 6 7 8 9 |  9.0
Stealth        | 1 3 5 6 8 10 | 10.0
Ice Magic      | 2 4 |  4.5

Action                     |  1- 3 |  4- 6 |  7- 9 | 10-12 || total
---------------------------+-------+-------+-------+-------++-------
  Melee: Unarmed           |    64 |   106 |       |       ||   170
         Constrict         |    16 |    31 |    31 |    67 ||   145
         Tentacles         |    12 |    26 |    34 |    97 ||   169
         Punch             |     2 |     7 |    14 |    38 ||    61
         Short sword       |       |    16 |   151 |   379 ||   546
   Cast: Ozocubu's Armour  |       |       |       |     1 ||     1
  Evoke: Wand              |       |       |     3 |    11 ||    14
    Use: Scroll            |       |       |     4 |     7 ||    11
         Potion            |       |       |       |     1 ||     1
   Stab: Sleeping          |    14 |    10 |     8 |    12 ||    44
         Paralysed         |       |       |     4 |     8 ||    12
         Invisible         |       |       |       |     1 ||     1
         Distracted        |       |       |       |     4 ||     4
 Armour: Skin              |    21 |    74 |    60 |   112 ||   267
  Dodge: Dodged            |    22 |    69 |    94 |   298 ||   483
  Block: Other             |       |       |       |    47 ||    47
   Form: Beast             |       |       |     1 |       ||     1
         Flux              |       |       |     1 |       ||     1

Table legend: (Time is in decaauts)
 A = Elapsed time spent in this place.
 B = Non-inter-level travel time spent in this place.
 C = Inter-level travel time spent in this place.
 D = Time resting spent in this place.
 E = Time spent auto-exploring this place.
 F = Levels seen in this place.
 G = Mean time per level.
                   A        B        C        D        E       F      G
               +--------+--------+--------+--------+--------+-----+--------+
         Total |  12050 |  11675 |    375 |    381 |   8283 |  16 |  753.1 |
       Dungeon |   9372 |   9066 |    306 |    133 |   6844 |  10 |  937.2 |
        Temple |      1 |      1 |      0 |      0 |      0 |   1 |    1.0 |
          Lair |   1624 |   1555 |     69 |      0 |   1148 |   3 |  541.3 |
        Bailey |    542 |    542 |      0 |     55 |    172 |   1 |  542.0 |
       Volcano |    509 |    509 |      0 |    193 |    119 |   1 |  509.0 |
               +--------+--------+--------+--------+--------+-----+--------+

Top non-repeatable levels by time:
     D:9: 1172 daAuts
    D:10: 1101 daAuts
     D:3: 1073 daAuts
     D:5: 1017 daAuts
     D:6: 944 daAuts
     D:4: 939 daAuts
     D:8: 877 daAuts
     D:1: 857 daAuts
  Lair:1: 766 daAuts
     D:2: 700 daAuts
     D:7: 687 daAuts
  Lair:2: 637 daAuts
  Bailey: 542 daAuts
 Volcano: 509 daAuts
  Lair:3: 219 daAuts
